 Dungeon Sprint DCSS version 0.18-a0-1797-gc18daef (webtiles) character file.

261 macross the Fighter (level 5, -7/49 HPs)
             Began as a Demonspawn Berserker on Apr 22, 2016.
             Was a Believer of Trog.
             Mangled by a slime creature (18 damage)
             ... in the Dungeon (Sprint I: "Red Sonja").
             The game lasted 00:01:29 (242 turns).

macross the Fighter (Demonspawn Berserker)           Turns: 242, Time: 00:01:30

Health: -7/49      AC:  3    Str: 19    XL:     5   Next: 96%
Magic:  5/5        EV: 13    Int:  8    God:    Trog [**....]
Gold:   162        SH:  0    Dex: 12    Spells: 0 memorised, 4 levels left

rFire  . . .     SeeInvis .     j - +0 scythe (curse)
rCold  . . .     Gourm    .     b - +0 animal skin
rNeg   . . .     Faith    .     (shield currently unavailable)
rPois  .         Spirit   .     (no helmet)
rElec  .         Dismiss  .     (no cloak)
rCorr  .         Reflect  .     (no gloves)
SustAt .         Harm     .     (no boots)
MR     .....     NoTele   +     (no amulet)
Stlth  +.........               (no ring)
                                (no ring)

@: exhausted, slowed, very slow, not resistant to hostile enchantments, very
unstealthy
A: icy blue scales 1, demonic guardian 1, powered by death 2
a: Berserk, Trog's Hand, Burn Spellbooks, Renounce Religion


You were in the Dungeon.
You worshipped Trog.
Trog was pleased with you.
You were not hungry.

You visited 1 branch You collected 162 gold pieces.

Inventory:

Hand Weapons
 a - a +0 hand axe
 j - a cursed +0 scythe (weapon)
Armour
 b - a +0 animal skin (worn)
 k - a +0 robe
Scrolls
 i - a scroll of blinking
Potions
 d - a potion of curing
 e - a potion of heal wounds
 f - a potion of haste
 g - 2 potions of magic
 h - a potion of berserk rage
Comestibles
 c - a bread ration


   Skills:
 + Level 8.0 Fighting
 + Level 7.8 Axes
 + Level 3.9 Armour
 + Level 4.2 Dodging
 + Level 0.2 Stealth


You had 4 spell levels left.
You didn't know any spells.

Dungeon Overview and Level Annotations

Branches:
Dungeon (1/1)

Altars:
Cheibriados
Dithmenos
Fedhas
Jiyva


Innate Abilities, Weirdness & Mutations

You are partially covered in icy blue scales (AC +1).
A weak demonic guardian rushes to your aid.
You regenerate health from kills.


Message History

You feel less regenerative.
You now have 108 gold pieces (gained 27).
You now have 135 gold pieces (gained 27).
You now have 162 gold pieces (gained 27).
You open the door.
A slime creature comes into view.
Found four altars.
The slime creature quivers.
An arrow hits the slime creature!
The slime creature hits you.
There is an open door here.
You're too exhausted to go berserk.
You hit the slime creature.
The slime creature is lightly wounded.
The slime creature hits you! The slime creature hits you!!
* * * LOW HITPOINT WARNING * * *
You're too exhausted to go berserk.
You barely miss the slime creature.
The slime creature is lightly wounded.
The slime creature hits you!!
You die...

###################
#<.#..)..#..'..#__#
#..'..#..'..#..@J5+
#..#####'#####+#__#
#..# #..# ### #..#
#### #..# #⌠⌠# ####


You could see a slime creature and a friendly white imp.

Vanquished Creatures
  Sigmund (D)
  An ogre (D)
  Ijyb (D)
3 creatures vanquished.

Notes
Turn   | Place    | Note
--------------------------------------------------------------
     0 | D        | macross the Demonspawn Berserker began the quest for the Orb.
     0 | D        | Reached XP level 1. HP: 18/18 MP: 1/1
     1 | D        | Noticed Ijyb
     6 | D        | Noticed an ogre
    10 | D        | HP: 1/27 [Ijyb (2)]
    11 | D        | Killed an ogre
    11 | D        | Reached skill level 5 in Fighting
    11 | D        | Reached skill level 5 in Axes
    11 | D        | Gained mutation: You regenerate a little health from kills. [demonic ancestry]
    11 | D        | Reached XP level 2. HP: 2/28 MP: 2/2
    11 | D        | Gained mutation: A weak demonic guardian rushes to your aid. [demonic ancestry]
    11 | D        | Reached XP level 3. HP: 3/34 MP: 3/3
    11 | D        | Gained mutation: You regenerate health from kills. [demonic ancestry]
    11 | D        | Reached XP level 4. HP: 3/40 MP: 4/4
    14 | D        | Killed Ijyb
    14 | D        | Reached ** piety under Trog
    14 | D        | Reached skill level 6 in Fighting
   216 | D        | Noticed Sigmund
   222 | D        | Killed Sigmund
   222 | D        | Reached skill level 8 in Fighting
   222 | D        | Gained mutation: You are partially covered in icy blue scales (AC +1). [demonic ancestry]
   222 | D        | Reached XP level 5. HP: 49/49 MP: 5/5
   239 | D        | Found a snail-covered altar of Cheibriados.
   239 | D        | Found a viscous altar of Jiyva.
   239 | D        | Found a shadowy altar of Dithmenos.
   239 | D        | Found a blossoming altar of Fedhas.
   239 | D        | Noticed a slime creature
   242 | D        | Mangled by a slime creature

Vault maps used:
D:        dungeon_sprint_1

Skill      XL: |  1  2  3  4 |
---------------+-------------+-----
Fighting       | 5 8 |  8.0
Axes           | 5 7 |  7.8
Armour         | 2 3 |  3.9
Dodging        | 3 4 |  4.2
Stealth        | |  0.2

Action                   |  1- 3 |  4- 6 || total
-------------------------+-------+-------++-------
Melee: Hand axe          |     4 |     7 ||    11
       Scythe            |       |     2 ||     2
Invok: Berserk           |     1 |     1 ||     2
Armor: Animal skin       |     1 |     1 ||     2
Dodge: Dodged            |     5 |     2 ||     7
